 Dungeon Crawl Stone Soup version 0.21.1-35-gfefc1aa2bb (webtiles) character file.

95 greenouphe the Poker (level 4, -1/34 HPs)
             Began as a Demonspawn Gladiator on July 31, 2018.
             Slain by Sigmund
             ... wielding a +0 scythe
              (6 damage)
             ... on level 2 of the Dungeon on Aug 1, 2018.
             The game lasted 00:18:17 (1923 turns).

greenouphe the Poker (Demonspawn Gladiator)         Turns: 1923, Time: 00:18:18

Health: -1/34      AC:  7    Str: 15    XL:     4   Next: 39%
Magic:  4/4        EV: 11    Int: 10    God:
Gold:   63         SH:  0    Dex: 16    Spells: 3/3 levels left

rFire    . . .     SeeInvis .   a - +0 trident
rCold    + . .     Gourm    .   (no shield)
rNeg     . . .     Faith    .   w - +0 scale mail (curse)
rPois    .         Spirit   .   c - +0 helmet
rElec    .         Reflect  .   (no cloak)
rCorr    .         Harm     .   (no gloves)
MR       .....                  (no boots)
Stlth    ..........             (no amulet)
HPRegen  0.11/turn              (no ring)
MPRegen  0.09/turn              (no ring)

@: confused
A: thin skeletal structure 1, cold resistance 1
a: no special abilities


You were on level 2 of the Dungeon.
You were not hungry.

You visited 1 branch of the dungeon, and saw 2 of its levels.

You collected 63 gold pieces.

Inventory:

Hand Weapons
 a - a +0 trident (weapon)
 l - a +0 hand axe
 s - a +0 spear
 u - a +0 hunting sling
Missiles
 q - 7 poisoned needles
Armour
 b - a +0 leather armour
 c - a +0 helmet (worn)
 i - a +0 leather armour
 k - a +0 leather armour
 v - a +0 robe
 w - a cursed +0 scale mail (worn)
Jewellery
 m - an uncursed ring of protection from cold {unknown}
Scrolls
 e - a scroll of enchant weapon {unknown}
 g - a scroll of identify {unknown}
 j - 2 scrolls of magic mapping
 n - 2 scrolls of remove curse {unknown}
 p - a scroll of teleportation {unknown}
 r - a scroll of blinking {unknown}
Potions
 h - a potion of curing {unknown}
 o - a potion of agility {unknown}
 t - a potion of magic {unknown}
Comestibles
 f - 3 rations
 x - 6 chunks of flesh


   Skills:
 + Level 2.5 Fighting
 + Level 3.7 Polearms
 + Level 1.9 Throwing
 + Level 1.4 Armour
 + Level 3.0 Dodging
 + Level 0.5 Stealth


You had 3 spell levels left.
You didn't know any spells.

Dungeon Overview and Level Annotations

Branches:
Dungeon (2/15)

Altars:

Annotations:
D:2 Sigmund


Innate Abilities, Weirdness & Mutations

You have a somewhat thin skeletal structure. (Dex +2, Stealth)
Your flesh is cold resistant. (rC+)


Message History

Sigmund points at you and mumbles some strange words.
You are more confused.
Sigmund closely misses you.
Sigmund points at you and mumbles some strange words.
You resist with some effort.
Sigmund points at you and mumbles some strange words.
You are more confused.
Sigmund says, "Your kind have come here before.
I understand now why.
You desire death..."
Sigmund closely misses you. Sigmund hits you but does no damage.
You bump into the rock wall.
Sigmund barely misses you.
Sigmund points at you and mumbles some strange words.
The puff of flame hits you!
* * * LOW HITPOINT WARNING * * *
Sigmund points at you and mumbles some strange words.
The puff of flame misses you. Sigmund gestures at you while chanting.
You are more confused.
Sigmund hits you from afar with a scythe.
You die...

..#.#....#...............#..#
....#,...#...............#..#
......,.r#........######.#..#
.....$,,,#........# #.#..#
......,,,#รท)......######.#..#
......,,,#...............#..#
......***#.####.##########..#
.?....* ##.####.......# #..#
......###.....@.@####.####..#
.........................>..#####
......##((..#....####..#......)..
####.#*##..#.#.........#...######
#.* #.#._.#..###...#......... #,*
#..#.#...###...#..#####.# * *,*
#...#....+.....#..#...... ****,*
#........###)#.#..#.###.# ,,**,*
##...........#.#..#.#<..#


You could see Sigmund.

Vanquished Creatures
  Jessica (D:2)
  An adder (D:2)
  An ooze (D:1)
  2 worms (D:2)
  2 dart slugs (D:1)
  A leopard gecko (D:1)
  2 giant cockroaches (D:1)
  3 goblins
  8 hobgoblins
  7 bats
  6 frilled lizards
  4 kobolds
  10 rats
48 creatures vanquished.

Notes
Turn   | Place    | Note
-------+----------+-------------------------------------------
     0 | D:1      | greenouphe the Demonspawn Gladiator began the quest for the Orb.
     0 | D:1      | Reached XP level 1. HP: 16/16 MP: 1/1
     6 | D:1      | Noticed a rime drake
     6 | D:1      | Noticed a polar bear
     7 | D:1      | Noticed a water moccasin
   192 | D:1      | Gained mutation: Your flesh is cold resistant. (rC+) [demonic ancestry]
   192 | D:1      | Reached XP level 2. HP: 14/22 MP: 2/2
   684 | D:1      | Gained mutation: You have a somewhat thin skeletal structure. (Dex +2, Stealth) [demonic ancestry]
   684 | D:1      | Reached XP level 3. HP: 27/27 MP: 3/3
   832 | D:1      | Upgraded the game from 0.21.1-1-g345015fe64 to 0.21.1-35-gfefc1aa2bb
  1129 | D:2      | Noticed Sigmund
  1418 | D:2      | Reached skill level 1 in Armour
  1751 | D:2      | Found a faded altar of an unknown god.
  1776 | D:2      | Noticed Jessica
  1786 | D:2      | Killed Jessica
  1786 | D:2      | Reached XP level 4. HP: 34/34 MP: 4/4
  1923 | D:2      | Slain by Sigmund

Skill      XL: |  1  2  3 |
---------------+----------+-----
Polearms       | 3 |  3.7
Dodging        | 3 |  3.0
Armour         | 1 |  1.4
Fighting       | |  2.5
Throwing       | |  1.9
Stealth        | |  0.5

Action                   |  1- 3 |  4- 6 || total
-------------------------+-------+-------++-------
Melee: Trident           |   135 |    18 ||   153
Throw: Throwing net      |       |     3 ||     3
  Use: Scroll            |     1 |       ||     1
 Stab: Sleeping          |     1 |       ||     1
  Eat: Chunk             |     3 |       ||     3
Armor: Leather armour    |    37 |       ||    37
       Scale mail        |     1 |     7 ||     8
Dodge: Dodged            |   122 |    16 ||   138
